 Dungeon Crawl Stone Soup version 0.25-a0-697-g890751e744 (webtiles) character file.

Game seed: 4569617503566881274, levelgen mode: deterministic

38 Armakuni the Charmwright (level 3, 0/22 HPs)
             Began as a Deep Elf Skald on Mar 31, 2020.
             Slain by a gnoll
             ... wielding a +0 club
              (6 damage)
             ... on level 2 of the Dungeon.
             The game lasted 00:04:24 (1552 turns).

Armakuni the Charmwright (Deep Elf Skald)           Turns: 1552, Time: 00:04:24

Health: 0/22       AC:  3    Str:  9    XL:     3   Next: 25%
Magic:  3/9        EV: 12    Int: 17    God:
Gold:   56         SH:  0    Dex: 14    Spells: 0/8 levels left

rFire    . . .     SeeInvis .   a - +0 short sword
rCold    . . .     Gourm    .   (no shield)
rNeg     . . .     Faith    .   b - +0 leather armour
rPois    .         Spirit   .   (no helmet)
rElec    .         Reflect  .   (no cloak)
rCorr    .         Harm     .   (no gloves)
MR       .....                  (no boots)
Stlth    +.........             (no amulet)
HPRegen  0.07/turn              (no ring)
MPRegen  0.11/turn              (no ring)

@: lethally poisoned (0 -> -10), shrouded
A: no striking features
a: no special abilities


You were on level 2 of the Dungeon.
You were not hungry.

You visited 1 branch of the dungeon, and saw 2 of its levels.

You collected 56 gold pieces.

Inventory:

Hand Weapons
 a - a +0 short sword (weapon)
Armour
 b - a +0 leather armour (worn)
Scrolls
 c - a scroll of enchant armour {unknown}
 e - a scroll of fear {unknown}
 g - 2 scrolls of teleportation {unknown}
 h - a scroll of identify {unknown}
 i - a scroll of fog {unknown}
 j - a scroll of magic mapping {unknown}
Comestibles
 d - 3 rations
 k - 2 chunks of flesh


   Skills:
 - Level 2.3 Fighting
 - Level 2.0 Short Blades
 - Level 0.7 Armour
 - Level 2.4 Dodging
 - Level 3.0 Spellcasting
 + Level 1.0 Hexes
 - Level 4.4 Charms
 - Level 2.0 Translocations


You couldn't memorise any spells.
You knew the following spells:

 Your Spells              Type           Power        Failure   Level  Hunger
g - Shroud of Golubria    Chrm/Tloc      ##....       10%         2    ##.....
s - Song of Slaying       Chrm           ###.....     6%          2    ##.....
w - Spectral Weapon       Hex/Chrm       ##......     24%         3    ###....
z - Infusion              Chrm           ###.         4%          1    None

Your spell library contained the following spells:

 Spells                   Type           Power        Failure   Level  Hunger
 Ozocubu's Armour         Chrm/Ice       ##......     28%         3    ###....


Dungeon Overview and Level Annotations

Branches:
Dungeon (2/15)

Altars:
Cheibriados


Message History

A gnoll comes into view. It is wielding a +0 flail.
You cannot move.
A gnoll comes into view. It is wielding a +0 whip.
The gnoll hits you from afar with a +2 halberd of venom.
The gnoll hits you from afar with a +2 halberd of venom.
You are poisoned.
You feel sick. The gnoll hits you but does no damage.
You are more poisoned.
You feel sick. The gnoll hits you with a +0 club. The gnoll barely misses you.
You feel sick. The gnoll hits you but does no damage.
Casting: Infusion (safe; 3% risk of failure)
Confirm with . or Enter, or press ? or * to list all spells.
Space distorts slightly along a thin shroud covering your body.
You feel sick. The gnoll hits you but does no damage.
Your shroud bends the gnoll's attack away.
You feel sick. The gnoll hits you but does no damage.
You feel less wooden.
Your +0 leather armour unmelds from your body.
The gnoll hits you with a +0 club.
You die...

#.# ##.##
##.<.##
#.###.....#
#.........#
######...#
#.####...
#......#
#@###### #
#g# ..#..#


#ggg# .#... #...# .... #...# ## ..# #...# .. # #.# #...# .##.##.# ..... .......
..... #. #.# You could see 4 gnolls.

Vanquished Creatures
  A gnoll (D:1)
  A dart slug (D:1)
  A leopard gecko (D:1)
  2 goblins (D:2)
  6 hobgoblins
  2 bats (D:1)
  5 frilled lizards
  5 kobolds
  5 rats
28 creatures vanquished.

Notes
Turn   | Place    | Note
-------+----------+-------------------------------------------
     0 | D:1      | Armakuni the Deep Elf Skald began the quest for the Orb.
     0 | D:1      | Reached XP level 1. HP: 12/12 MP: 6/6
    93 | D:1      | Reached XP level 2. HP: 5/18 MP: 1/8
   154 | D:1      | Learned a level 2 spell: Shroud of Golubria
   393 | D:1      | Reached skill level 1 in Translocations
  1224 | D:2      | Found a snail-covered altar of Cheibriados,
  1239 | D:2      | Reached XP level 3. HP: 19/22 MP: 6/9
  1302 | D:2      | Learned a level 3 spell: Spectral Weapon
  1305 | D:2      | Learned a level 2 spell: Song of Slaying
  1514 | D:2      | Reached skill level 1 in Hexes
  1552 | D:2      | Slain by a gnoll

Levels and vault maps discovered:
D:1:      evilmike_arrival_plus, layout_basic
D:2:      layout_loops_cross, lemuel_crystal_altar

Skill      XL: |  1  2  3 |
---------------+----------+-----
Fighting       | 2 |  2.3
Translocations | 1 2 |  2.0
Hexes          | 1 |  1.0
Short Blades   | |  2.0
Armour         | |  0.7
Dodging        | |  2.4
Spellcasting   | |  3.0
Charms         | |  4.4

Action                   || total
-------------------------++-------
Melee: Short sword       ||    78
 Cast: Infusion          ||    15
       Shroud of Golubri ||     1
       Song of Slaying   ||     1
  Use: Potion            ||     1
  Eat: Ration            ||     1
Armor: Leather armour    ||     5
       Skin              ||    13
Dodge: Dodged            ||    35

Table legend:
 A = Non-vault XP
 B = Vault XP
 C = Vault XP percentage of total XP
 D = Non-vault monster count
 E = Vault monster count
 F = Vault count percentage of total count
                 A         B        C        D         E       F
            +---------+---------+-------+---------+---------+-------
      Total |      55 |       0 |   0.0 |      28 |       0 |   0.0
            +---------+---------+-------+---------+---------+-------
        D:1 |      42 |       0 |   0.0 |      18 |       0 |   0.0
        D:2 |      13 |       0 |   0.0 |      10 |       0 |   0.0
            +---------+---------+-------+---------+---------+-------
